AoeStats
← 他并不是一个笨比

African Clearing

505631814Analyzed
4v4 RM · 22d ago on Sep 10, 2026· 50m 49s· 8 players
Game mode
Random Map
Map size
Large (8 player)
Population
200
Speed
Normal
Resources
Standard
Victory
Conquest
Starting age
Dark Age
Ending age
Imperial Age
RankedLock teamsTeams togetherTeam positionsShared explorationLock speedFull tech treeHidden civsTurbo modeCheats
Victory
Defeat
🇳🇿 Inca · New Zealand
1422
+14
🇳🇿 Gurjaras · New Zealand
1368
+16
🇦🇺 Koreans · Australia
1362
+16
🇦🇺 Britons · Australia
1328
+18
🇪🇸 Italians · Spain
1436
-18
🇯🇵 Vietnamese · Japan
1388
-17
🇬🇧 Tupi · United Kingdom
1363
-16
1289
-13
god comic
3:04 Loom
13:18 Feudal Age
18:22 Castle Age
18:11 Double-Bit Axe
31:34 Horse Collar
32:22 Heavy Plow
32:54 Fletching
32:54 Town Watch
34:53 Bodkin Arrow
40:18 Wheelbarrow
45:39 Imperial Age
43:44 Scale Barding Armor
43:50 Forging
43:57 Gold Mining
43:59 Stone Mining
45:32 Ballistics
45:15 Husbandry
45:25 Bloodlines
他并不是一个笨比
10:49 Loom
13:15 Feudal Age
14:52 Double-Bit Axe
20:07 Wheelbarrow
21:23 Horse Collar
24:11 Castle Age
23:40 Scale Barding Armor
23:49 Bloodlines
24:52 Forging
25:43 Bow Saw
26:08 Gold Mining
26:48 Chain Barding Armor
27:57 Gold Shaft Mining
27:13 Stone Mining
29:11 Iron Casting
31:35 Hand Cart
33:43 Light Cavalry
35:47 Heavy Plow
40:43 Imperial Age
41:17 Hussar
42:46 Plate Barding Armor
41:59 Cavalier
44:20 Blast Furnace
43:25 Paladin
47:48 Conscription
Gbeto Supastar
11:03 Loom
12:49 Feudal Age
17:00 Castle Age
15:55 Double-Bit Axe
16:05 Stone Mining
16:29 Horse Collar
18:35 Bow Saw
23:11 Wheelbarrow
23:37 Heavy Plow
26:37 Padded Archer Armor
27:30 Fletching
28:26 Hand Cart
28:41 Leather Archer Armor
28:24 Gold Mining
30:19 Gold Shaft Mining
30:24 Town Watch
31:34 Bodkin Arrow
32:10 Ballistics
37:01 Imperial Age
37:29 Elite Blackwood Archer
38:17 Curare
39:36 Ring Archer Armor
39:06 Bracer
41:13 Chemistry
49:32 Capped Ram
TdB.victor2.01
8:27 Loom
14:03 Feudal Age
17:40 Castle Age
NADOLEAN
12:25 Feudal Age
14:08 Loom
15:53 Forging
23:28 Castle Age
22:49 Double-Bit Axe
27:42 Ballistics
28:30 Husbandry
40:01 Bow Saw
46:12 Imperial Age
46:03 Murder Holes
46:19 Masonry
46:07 Fletching
48:04 Chemistry
47:15 Bodkin Arrow
48:31 Elite War Wagon
50:08 Bracer
50:50 Conscription
PHAT Johnson
10:30 Loom
12:51 Feudal Age
13:59 Double-Bit Axe
16:55 Castle Age
14:53 Gold Mining
14:50 Town Watch
15:27 Scale Mail Armor
16:40 Forging
17:02 Champi Runner
17:43 Squires
21:53 Fletching
23:02 Champi Warrior
24:52 Chain Mail Armor
31:55 Wheelbarrow
31:03 Horse Collar
33:27 Iron Casting
32:39 Arson
33:58 Bow Saw
37:08 Hand Cart
41:05 Imperial Age
39:00 Heavy Plow
40:47 Gold Shaft Mining
40:04 Stone Mining
41:21 Elite Champi Warrior
42:33 Plate Mail Armor
43:04 Blast Furnace
41:46 Capped Ram
43:52 Conscription
44:17 Fabric Shields
43:54 Siege Ram
44:57 Ballistics
45:42 Elite Kamayuk
48:33 Crop Rotation
48:40 Stone Shaft Mining
51:16 Siege Engineers
52:12 Chemistry
Wekawekawooo
4:02 Loom
13:30 Feudal Age
14:16 Double-Bit Axe
16:30 Bloodlines
19:54 Castle Age
21:19 Wheelbarrow
20:14 Elite Skirmisher
21:08 Fletching
22:50 Bodkin Arrow
26:39 Town Watch
28:54 Hand Cart
32:48 Bow Saw
32:53 Horse Collar
34:54 Husbandry
36:55 Scale Barding Armor
39:25 Imperial Age
36:22 Light Cavalry
39:26 Chain Barding Armor
39:46 Forging
41:23 Plate Barding Armor
41:41 Iron Casting
41:27 Man-at-Arms
42:59 Elite Shrivamsha Rider
44:10 Bracer
44:39 Heavy Camel Rider
49:53 Hussar
sabelord
9:02 Loom
13:55 Feudal Age
15:13 Double-Bit Axe
18:09 Castle Age
17:23 Gold Mining
17:27 Stone Mining
18:11 Fletching
19:11 Bow Saw
20:48 Wheelbarrow
26:01 Bodkin Arrow
26:31 Ballistics
26:41 Horse Collar
30:08 Hand Cart
30:47 Padded Archer Armor
35:51 Imperial Age
35:29 Yeomen
35:12 Heavy Plow
35:35 Leather Archer Armor
36:37 Bracer
37:50 Chemistry
38:24 Two-Man Saw
38:20 Ring Archer Armor
37:22 Elite Longbowman
42:53 Conscription
43:19 Gold Shaft Mining
43:22 Warwolf
45:08 Siege Engineers
44:59 Murder Holes
Connection lost

Rejoining the realm…

Still unreachable

The connection could not be restored.

Session expired

The server has moved on; the page needs a fresh start.